 Dungeon Crawl Stone Soup version 0.29.0-11-gd7f09526c8 (webtiles) character file.

Game seed: 7162786725984883895

139 hito the Changer (level 5, -4/45 HPs)
             Began as a Draconian Transmuter on Sept 5, 2022.
             Was an Initiate of Hepliaklqana.
             Slain by a river rat (5 damage)
             ... on level 3 of the Dungeon.
             The game lasted 00:06:42 (2725 turns).

hito the Changer (Draconian Transmuter)             Turns: 2725, Time: 00:06:42

Health: -4/45      AC:  5    Str: 18    XL:     5   Next: 1%
Magic:  9/9        EV: 12    Int: 16    God:    Hepliaklqana [......]
Gold:   78         SH:  0    Dex: 11    Spells: 4/10 levels left

rFire   . . .      SeeInvis .     - Unarmed
rCold   . . .      Faith    .   (no shield)
rNeg    . . .      Spirit   .   (body armour unavailable)
rPois   .          Reflect  .   (helmet currently unavailable)
rElec   .          Harm     .   (no cloak)
rCorr   +          Rampage  .   (no gloves)
Will    .....                   (boots currently unavailable)
Stlth   +.........              (no amulet)
HPRegen 0.15/turn               h - +6 ring of strength
MPRegen 0.11/turn               l - ring of resist corrosion

@: appendages (expiring), very slow
A: horns 2, talons 2, AC +5, unfitting armour, cold-blooded
a: End Transformation, Renounce Religion


You were on level 3 of the Dungeon.
You worshipped Hepliaklqana.
Hepliaklqana was noncommittal.
You had temporarily grown beastly horns and talons.
You visited 1 branch of the dungeon, and saw 3 of its levels.

You collected 117 gold pieces.
You spent 39 gold pieces at shops.

Inventory:

Hand Weapons
 v - a +0 sling
Missiles
 i - 5 curare-tipped darts
Armour
 e - a +1 hat of willpower (melded)
Jewellery
 h - a +6 ring of strength (left hand)
 l - a ring of resist corrosion (right hand)
Scrolls
 b - a scroll of immolation {unknown}
 d - a scroll of poison {unknown}
 j - a scroll of fear {unknown}
 m - a scroll of fog {unknown}
 n - a scroll of blinking {unknown}
 p - 2 scrolls of identify {unknown}
 r - a scroll of teleportation {unknown}
 s - a scroll of vulnerability {unknown}
 t - a scroll of enchant weapon {unknown}
Potions
 a - a potion of lignification
 c - a potion of resistance {unknown}
 k - a potion of heal wounds {unknown}
 u - a potion of cancellation {unknown}


   Skills:
 - Level 3.0 Fighting
 - Level 1.7 Dodging
 - Level 3.0 Unarmed Combat
 - Level 3.0 Spellcasting
 + Level 3.2 Transmutations
 + Level 1.5 Poison Magic


You had 4 spell levels left.
You knew the following spells:

 Your Spells              Type           Power      Damage    Failure   Level
a - Beastly Appendage     Tmut           24%        N/A       4%          1
b - Wereblood             Tmut           12%        N/A       8%          2
c - Spider Form           Tmut/Pois      10%        N/A       22%         3

Your spell library contained the following spells:

 Spells                   Type           Power      Damage    Failure   Level
 Ice Form                 Ice/Tmut       7%         N/A       67%         4


Dungeon Overview and Level Annotations

Branches:
Dungeon (3/15)

Altars:
Hepliaklqana

Shops:
D:2 *

Annotations:
D:3 Grinder


Innate Abilities, Weirdness & Mutations

You have temporarily grown beastly horns and talons.
Your plain brown scales are hard. (AC +5)
You cannot fit into any form of body armour.
You are cold-blooded and may be slowed by cold attacks.


Message History

Casting: Beastly Appendage (safe; 4% risk of failure)
Confirm with . or Enter, or press ? or * to list all spells.
You grow a pair of large bovine horns.
Your feet morph into talons.
Your +1 hat of willpower melds into your body.
You feel less strong-willed. The river rat misses you.
You hit the river rat but do no damage.
You claw the river rat, but do no damage.
You headbutt the river rat. You tail-slap the river rat.
The river rat is heavily wounded.
The rat splashes around in the water.
The river rat misses you.
The rat splashes around in the water.
The river rat bites you but does no damage.
You hit the river rat. You punch the river rat.
The river rat is severely wounded.
The rat barely misses you. The river rat bites you.
* * * LOW HITPOINT WARNING * * *
Your unstable footing causes you to fumble your attack.
The rat splashes around in the water.
The river rat barely misses you.
Your unstable footing causes you to fumble your attack.
The rat bites you but does no damage. The river rat bites you.
* * * LOW HITPOINT WARNING * * *
Your unstable footing causes you to fumble your attack.
The rat bites you.
* * * LOW HITPOINT WARNING * * *
The river rat closely misses you.
Your unstable footing causes you to fumble your attack.
Your transformation is almost over.
The rat barely misses you. The river rat misses you.
Your unstable footing causes you to fumble your attack.
The rat splashes around in the water.
The river rat bites you but does no damage.
You hit the river rat but do no damage.
You claw the river rat, but do no damage.
The river rat is severely wounded.
The rat splashes around in the water.
The river rat misses you.
Your unstable footing causes you to fumble your attack.
The rat bites you.
* * * LOW HITPOINT WARNING * * *
The river rat bites you.
You die...

.......# ### )......#
..## .......# ##..###
.......# #~~...#
.......# #~~~.$#
.......# ###~#...#
.......# ~~#~~~.?#
......)###
#####~#~#†..#
####.....#
#~~~@r#~~~~.#
#####.#~~~~#r#~#~#~..#
#.### #~#~#~#~..## #
#.# ~~#~~~#....# # #.#
##########).†.# #
###.###..# ##...# #
#.......# #..### #
##.#.##### #.## #
#..#.# ##########.#


You could see a river rat and a rat.

Vanquished Creatures
  4 river rats (D:3)
  4 adders
  2 worms (D:3)
  A dart slug (D:1)
  4 bats
  5 endoplasms
  3 giant cockroaches (D:1)
  5 goblins
  6 hobgoblins
  4 kobolds
  2 quokkas
  8 ball pythons
  5 frilled lizards
  7 rats
60 creatures vanquished.

Notes
Turn   | Place    | Note
-------+----------+-------------------------------------------
     0 | D:1      | hito the Draconian Transmuter began the quest for the Orb.
     0 | D:1      | Reached XP level 1. HP: 16/16 MP: 3/3
   265 | D:1      | Reached XP level 2. HP: 22/24 MP: 3/5
   802 | D:1      | Learned a level 2 spell: Wereblood
  1279 | D:2      | Reached XP level 3. HP: 29/29 MP: 4/6
  1283 | D:2      | Learned a level 3 spell: Spider Form
  1330 | D:2      | Found a faded altar of an unknown god.
  1406 | D:2      | Found a hazy altar of Hepliaklqana.
  1425 | D:2      | Became a worshipper of Hepliaklqana the Forgotten
  1428 | D:2      | Found Unurchuri's General Store.
  1435 | D:2      | Bought a potion of curing for 39 gold pieces
  2199 | D:3      | Noticed Grinder
  2286 | D:3      | Reached XP level 4. HP: 35/37 MP: 6/8
  2291 | D:3      | Reached skill level 1 in Poison Magic
  2598 | D:3      | HP: 1/37 [river rat (1)]
  2604 | D:3      | Reached XP level 5. HP: 4/45 MP: 6/9
  2725 | D:3      | HP: 1/45 [rat (3)]
  2725 | D:3      | Slain by a river rat

Illustrated notes

Levels and vault maps discovered:
D:1:      roderic_octagonal_star, layout_basic
D:2:      layout_basic, serial_shops, shop, basic_altar,
          shapermc_ecumenical_altar_pompeii
D:3:      layout_basic, lightli_sewer_entry_pipes, uniq_grinder

Skill      XL: |  1  2  3  4 |
---------------+-------------+-----
Fighting       | 2 3 |  3.0
Poison Magic   | 1 |  1.5
Transmutations | 3 |  3.2
Spellcasting   | 3 |  3.0
Dodging        | |  1.7
Unarmed Combat | |  3.0

Action                   |  1- 3 |  4- 6 || total
-------------------------+-------+-------++-------
Melee: Unarmed           |   110 |    68 ||   178
       Kick              |    14 |    10 ||    24
       Headbutt          |     9 |     7 ||    16
       Punch             |     2 |     2 ||     4
       Tailslap          |     9 |     8 ||    17
 Cast: Beastly Appendage |    26 |     7 ||    33
       Wereblood         |     1 |     3 ||     4
  Use: Potion            |       |     4 ||     4
Armor: Skin              |    36 |    27 ||    63
Dodge: Dodged            |    69 |    63 ||   132
